 Dungeon Crawl Stone Soup version 0.27.0-1-g7a08968 (webtiles) character file.

Game seed: 14524029340516418095

22717 Scrawl the Grappler (level 12, -4/111 (122) HPs)
             Began as a Troll Fighter on Jan 11, 2022.
             Was a Believer of Cheibriados.
             Killed from afar by a rime drake (14 damage)
             ... with a flash freeze
             ... on level 5 of the Lair of Beasts on Jan 24, 2022.
             The game lasted 00:37:02 (11694 turns).

Scrawl the Grappler (Troll Fighter)                Turns: 11694, Time: 00:37:03

HP:   -4/111 (122)  AC: 14    Str: 29    XL:     12   Next: 65%
MP:   14/14         EV: 10    Int: 18    God:    Cheibriados [**....]
Gold: 600           SH:  0    Dex: 13    Spells: 3/11 levels left

rFire    + + +     SeeInvis .     - Unarmed
rCold    x . .     Faith    .   l - +2 kite shield
rNeg     . . .     Spirit   .   i - +1 fire dragon scales
rPois    .         Reflect  .   (helmet restricted)
rElec    +         Harm     .   n - +2 cloak
rCorr    +         Rampage  .   (gloves unavailable)
Will     .....                  (boots unavailable)
Stlth    ..........             f - amulet of regeneration
HPRegen  2.28/turn              z - ring of Foixtos {rElec rF+ rCorr Str-2 Int+6}
MPRegen  0.14/turn              P - +4 ring of slaying

@: confused, ambrosia-drunk, drained, very slow
A: large, unfitting armour, claws 3, regeneration 1, shaggy fur 1, tough skin 1
a: Renounce Religion, Bend Time


You were on level 5 of the Lair of Beasts.
You worshipped Cheibriados.
Cheibriados was pleased with you.
You visited 3 branches of the dungeon, and saw 18 of its levels.

You collected 735 gold pieces.
You spent 135 gold pieces at shops.

Inventory:

Hand Weapons
 b - the +8 mace of Wounding {venom, rCorr Dex+4}
   (You found it on level 9 of the Dungeon)

   It poisons the flesh of those it strikes.
   Dex:       It affects your dexterity (+4).
   rCorr:     It protects you from acid and corrosion.
Missiles
 g - 4 curare-tipped darts (quivered)
 m - a throwing net
Armour
 i - +1 fire dragon scales (worn)
 l - a +2 kite shield (worn)
 n - a +2 cloak (worn)
Jewellery
 f - an amulet of regeneration (around neck)
 h - a ring of poison resistance
 o - a ring of protection from fire
 v - a ring of willpower
 z - the ring of Foixtos (left claw) {rElec rF+ rCorr Str-2 Int+6}
   (You found it on level 7 of the Dungeon)

   [ring of intelligence]

   Str:       It affects your strength (-2).
   Int:       It affects your intelligence (+6).
   rF:        It protects you from fire.
   rElec:     It insulates you from electricity.
   rCorr:     It protects you from acid and corrosion.
 P - a +4 ring of slaying (right claw)
Wands
 d - a wand of polymorph (4)
 s - a wand of iceblast (24)
 C - a wand of flame (11)
 D - a wand of acid (8)
 L - a wand of mindburst (18)
 M - a wand of paralysis (5)
Scrolls
 a - a scroll of blinking {unknown}
 c - 4 scrolls of teleportation
 e - a scroll of enchant weapon
 j - 4 scrolls of amnesia
 t - 2 scrolls of fear {unknown}
 w - a scroll of silence {unknown}
 y - a scroll of torment {unknown}
 E - 2 scrolls of fog {unknown}
 F - a scroll of vulnerability
 G - a scroll of magic mapping
Potions
 k - 6 potions of curing
 p - 3 potions of attraction
 q - 3 potions of flight
 r - 3 potions of berserk rage
 u - a potion of invisibility
 x - a potion of resistance {unknown}
 A - 3 potions of might
 B - 2 potions of ambrosia
 H - 3 potions of heal wounds {unknown}
 I - a potion of mutation {unknown}
 J - a potion of haste {unknown}


   Skills:
 + Level 8.4 Fighting
 - Level 7.3 Dodging
 + Level 8.3 Shields
 + Level 11.1 Unarmed Combat
 + Level 5.7 Transmutations
 + Level 3.8 Earth Magic
 + Level 4.0 Invocations


You had 3 spell levels left.
You knew the following spells:

 Your Spells              Type           Power      Damage    Failure   Level
a - Statue Form           Tmut/Erth      11%        N/A       100%        6
b - Wereblood             Tmut           20%        N/A       10%         2

Your spell library contained the following spells:

 Spells                   Type           Power      Damage    Failure   Level
 Beastly Appendage        Tmut           40%        N/A       6%          1
 Sting                    Tmut/Pois      40%        1d5       21%         1
 Spider Form              Tmut/Pois      5%         N/A       52%         3
 Animate Skeleton         Necr           0%         N/A       54%         1
 Apportation              Tloc           0%         N/A       54%         1
 Corona                   Hex            0%         N/A       54%         1
 Summon Small Mammal      Summ           0%         N/A       54%         1
 Ensorcelled Hibernation  Hex/Ice        0%         N/A       69%         2
 Poisonous Vapours        Pois/Air       0%         N/A       69%         2
 Ozocubu's Armour         Ice            0%         N/A       89%         3
 Tukima's Dance           Hex            0%         N/A       89%         3
 Petrify                  Tmut/Erth      17%        N/A       67%         4
 Olgreb's Toxic Radiance  Pois           0%         N/A       100%        4
 Metabolic Englaciation   Hex/Ice        0%         N/A       100%        5
 Summon Forest            Summ/Tloc      0%         N/A       100%        5
 Eringya's Noxious Bog    Tmut/Pois      5%         N/A       100%        6
 Simulacrum               Ice/Necr       0%         N/A       100%        6
 Summon Hydra             Summ           0%         N/A       100%        7


Dungeon Overview and Level Annotations

Branches:
Dungeon (11/15)            Temple (1/1) D:7            Lair (6/6) D:8
  Swamp (0/4) Lair:3       Spider (0/4) Lair:2          Orc (0/2) D:10
  Slime: Lair:5-6

Altars:
Ashenzari
Cheibriados
Dithmenos
Elyvilon
Fedhas
Gozag
Hepliaklqana
Kikubaaqudgha
Makhleb
Nemelex Xobeh
Okawaru
Qazlal
Ru
Sif Muna
Trog
Uskayaw
Vehumet
Wu Jian
Xom
Yredelemnul
Zin
The Shining One

Shops:
D:2 *   D:4 (   D:5 [   D:6 *   D:8 *   D:10 *

Annotations:
D:6 4 transporters
D:7 2 transporters, mbeke's ghost, novice DjFE
D:11 Urug


Innate Abilities, Weirdness & Mutations

You are too large for most types of armour.
You have claws for hands.
Your natural rate of healing is unusually fast.
You are covered in fur. (AC +1)
You have tough skin. (AC +1)


Message History

You are encased in ice.
The hell rat bites you but does no damage.
You block the hell rat's attack. The hell rat bites you!
You claw the rime drake!
The rime drake is heavily wounded.
The rime drake bites you but does no damage.
You block the hell rat's attack.
The hell rat bites you but does no damage.
You closely miss the rime drake.
The rime drake is heavily wounded.
You block the hell rat's attack.
The rime drake bites you but does no damage.
The hell rat bites you!
* * * LOW HITPOINT WARNING * * *
You block the hell rat's attack.
You completely miss the rime drake.
The rime drake is heavily wounded.
You block the hell rat's attack. You block the rime drake's attack.
The hell rat bites you!
* * * LOW HITPOINT WARNING * * *
You feel drained.
* * * LOW HITPOINT WARNING * * *
You scratch the rime drake.
The rime drake is heavily wounded.
The ice encasing you melts away. The hell rat bites you.
* * * LOW HITPOINT WARNING * * *
You feel drained. You block the hell rat's attack. The rime drake bites you.
* * * LOW HITPOINT WARNING * * *
You are confused.
You feel invigorated. The hell rat bites you.
* * * LOW HITPOINT WARNING * * *
You feel drained.
* * * LOW HITPOINT WARNING * * *
The hell rat bites you!
* * * LOW HITPOINT WARNING * * *
You feel drained. The hell rat closely misses you.
The rime drake breathes ice at you. The flash freeze hits you!
You feel a painful chill!
You die...

....^#................
.....PP..............
#...........P......PP .
......#...........###..
.....##...............$
....# #................
.... #........F.......
.. ##......rrr......
#......k@.......
.................
..................
###....#.##.##.#.#
.....### ## ## # .....
..


You could see a cane toad, a rime drake (catching breath) and 3 hell rats.

Vanquished Creatures
  A hydra (Lair:3)
  A two-headed ogre (D:6)
  2 bog bodies (Lair:3)
  Pikel (D:5)
  10 cane toads
  Maggie (D:6)
  A black mamba (Lair:5)
  A kobold demonologist (D:10)
  6 komodo dragons
  2 rime drakes
  2 trolls
  7 polar bears
  A hornet (Lair:2)
  A blink frog (Lair:5)
  2 slime creatures (D:10)
  Grinder (D:5)
  A shadow (D:9)
  20 yaks
  3 basilisks
  Eustachio (D:4)
  3 steam dragons
  2 vampire mosquitoes (D:9)
  3 wargs (D:8)
  Edmund (D:5)
  3 acid dragons
  2 swamp worms (Lair:3)
  9 water moccasins
  An orc warrior (D:6)
  A sky beast (D:5)
  A black bear (Lair:2)
  A necrophage (D:5)
  2 ogres
  4 wolves (Lair:4)
  4 centaurs
  A lemure (D:5)
  6 bullfrogs
  4 scorpions
  7 killer bees
  26 wights
  4 howler monkeys
  An electric eel (Lair:3)
  A bullfrog zombie (D:6)
  4 centaur zombies
  6 orc priests
  3 hounds
  A bullfrog skeleton (D:6)
  An iguana (D:4)
  2 jellies
  A centaur skeleton (D:5)
  2 gnoll shamans
  6 orc wizards
  2 hell rats (Lair:5)
  A hound skeleton (D:4)
  A howler monkey zombie (D:9)
  10 gnolls
  7 river rats (D:5)
  7 adders
  An adder zombie (D:5)
  3 adder skeletons
  6 worms
  3 dart slugs
  27 orcs
  3 ball pythons
  3 endoplasms
  6 giant cockroaches
  16 goblins
  9 hobgoblins
  8 jackals
  7 quokkas
  2 bats (D:1)
  6 frilled lizards
  4 kobolds
  17 rats
327 creatures vanquished.

Vanquished Creatures (others)
  A wizard (D:5)
  An orc (D:6)
  12 fungi
  15 plants
29 creatures vanquished.

Grand Total: 356 creatures vanquished

Notes
Turn   | Place    | Note
-------+----------+-------------------------------------------
     0 | D:1      | Scrawl the Troll Fighter began the quest for the Orb.
     0 | D:1      | Reached XP level 1. HP: 22/22 MP: 0/0
   106 | D:1      | Found a faded altar of an unknown god.
   309 | D:1      | Reached XP level 2. HP: 29/29 MP: 1/1
   884 | D:2      | Found Baimij's Assorted Antiques.
  1130 | D:2      | Reached XP level 3. HP: 36/36 MP: 2/2
  1461 | D:2      | Found a shadowy altar of Dithmenos.
  1475 | D:2      | Reached skill level 3 in Unarmed Combat
  1635 | D:3      | Found a radiant altar of Vehumet.
  1635 | D:3      | Found a hazy altar of Hepliaklqana.
  1666 | D:3      | Found a shimmering blue altar of Sif Muna.
  1707 | D:3      | Reached XP level 4. HP: 44/44 MP: 3/3
  1926 | D:3      | Found an iron altar of Okawaru.
  1986 | D:4      | Noticed a scorpion
  1994 | D:4      | Killed a scorpion
  1995 | D:4      | Reached XP level 5. HP: 53/53 MP: 4/4
  2001 | D:4      | Reached skill level 4 in Unarmed Combat
  2031 | D:4      | Reached XP level 6. HP: 61/61 MP: 5/5
  2052 | D:4      | Noticed Eustachio
  2107 | D:4      | Killed Eustachio
  2283 | D:4      | Reached skill level 5 in Unarmed Combat
  2287 | D:4      | Reached XP level 7. HP: 62/67 MP: 6/6
  2422 | D:4      | Found Enukumn's Weapon Shoppe.
  2839 | D:5      | Entered Level 5 of the Dungeon
  2841 | D:5      | Found Mizab's Armour Emporium.
  2851 | D:5      | Noticed Pikel
  2991 | D:5      | Killed Pikel
  2992 | D:5      | Reached skill level 6 in Unarmed Combat
  2992 | D:5      | Reached XP level 8. HP: 72/79 MP: 7/7
  3095 | D:5      | Found a basalt altar of Yredelemnul.
  3222 | D:5      | Noticed Edmund
  3231 | D:5      | Killed Edmund
  3234 | D:5      | Noticed Grinder
  3239 | D:5      | Killed Grinder
  3240 | D:5      | Reached skill level 7 in Unarmed Combat
  3337 | D:5      | Reached skill level 5 in Shields
  3441 | D:5      | Reached skill level 5 in Dodging
  3536 | D:5      | Found a bloodstained altar of Trog.
  3537 | D:5      | Noticed a wizard
  3542 | D:5      | Killed a wizard
  3861 | D:6      | Reached skill level 5 in Fighting
  3861 | D:6      | Reached XP level 9. HP: 88/88 MP: 8/8
  3892 | D:6      | Noticed Maggie
  3911 | D:6      | Killed Maggie
  3912 | D:6      | Reached skill level 8 in Unarmed Combat
  3952 | D:6      | Learned a level 6 spell: Statue Form
  4009 | D:6      | Found a transporter.
  4009 | D:6      | Noticed a two-headed ogre
  4009 | D:6      | Noticed a cyclops
  4044 | D:6      | Found a transporter.
  4069 | D:6      | Found Umefuq's Assorted Antiques.
  4077 | D:6      | Bought a scroll of identify for 48 gold pieces
  4149 | D:6      | Noticed a two-headed ogre
  4163 | D:6      | Killed a two-headed ogre
  4164 | D:6      | Reached skill level 1 in Transmutations
  4217 | D:6      | Found a sparkling altar of Nemelex Xobeh.
  4230 | D:6      | Found a transporter.
  4286 | D:6      | Found a transporter.
  4393 | D:6      | Found a hide-covered altar of Uskayaw.
  4474 | D:6      | Found a glowing golden altar of the Shining One.
  4630 | D:7      | Identified the ring of Foixtos {rElec rF+ rCorr Str-2
                  | Int+6}
  4687 | D:7      | You fall into a shaft and drop 3 floors!
  4687 | D:10     | Entered Level 10 of the Dungeon
  4782 | D:10     | Noticed a troll
  4789 | D:10     | Killed a troll
  4825 | D:10     | Noticed a komodo dragon
  4862 | D:10     | Killed a komodo dragon
  4863 | D:10     | Reached XP level 10. HP: 61/98 MP: 9/9
  4914 | D:10     | Reached skill level 9 in Unarmed Combat
  5152 | D:9      | Found an ancient bone altar of Kikubaaqudgha.
  5472 | D:8      | Found a staircase to the Lair.
  5993 | D:8      | Found Gozag's Platinum Reserve.
  5995 | D:8      | Found an opulent altar of Gozag.
  6504 | D:9      | Identified the +8 mace of Wounding {venom, rCorr Dex+4}
  6805 | D:10     | Reached XP level 11. HP: 105/107 MP: 10/10
  7064 | D:10     | Found Cyatzallee's Assorted Antiques.
  7072 | D:10     | Bought a scroll of teleportation for 87 gold pieces
  7095 | D:10     | Found a staircase to the Orcish Mines.
  7428 | D:11     | Noticed Urug
  7598 | Lair:1   | Entered Level 1 of the Lair of Beasts
  7610 | Lair:1   | Reached skill level 10 in Unarmed Combat
  8055 | D:7      | Found a staircase to the Ecumenical Temple.
  8062 | Temple   | Entered the Ecumenical Temple
  8298 | Temple   | Became a worshipper of Cheibriados the Contemplative
  8390 | D:7      | Found an ornate altar of the Wu Jian Council.
  8400 | D:7      | Found a transporter.
  8400 | D:7      | Noticed mbeke's ghost (novice DjFE)
  8605 | D:7      | Found a transporter.
  8987 | Lair:1   | Reached skill level 1 in Invocations
  9177 | Lair:1   | Reached skill level 1 in Earth Magic
  9580 | Lair:2   | Learned a level 2 spell: Wereblood
  9632 | Lair:2   | Found a hole to the Spider Nest.
  9662 | Lair:2   | Paralysed by a hornet for 1 turns
  9709 | Lair:2   | Reached * piety under Cheibriados
  9723 | Lair:2   | Reached skill level 5 in Transmutations
  9885 | Lair:2   | Reached XP level 12. HP: 103/119 MP: 12/12
 10943 | Lair:3   | Noticed a four-headed hydra
 10963 | Lair:3   | Killed a four-headed hydra
 11380 | Lair:3   | Found a staircase to the Swamp.
 11495 | Lair:4   | Reached skill level 11 in Unarmed Combat
 11506 | Lair:4   | Reached ** piety under Cheibriados
 11546 | Lair:4   | You fall into a shaft and drop 2 floors!
 11546 | Lair:6   | Entered Level 6 of the Lair of Beasts
 11546 | Lair:6   | Noticed a death yak
 11551 | Lair:6   | Noticed a dire elephant
 11551 | Lair:6   | Noticed a death yak
 11551 | Lair:6   | Noticed a death yak
 11694 | Lair:5   | Killed from afar by a rime drake

Illustrated notes

Levels and vault maps discovered:
D:1:      sevenhm_arrival_forest_fort_small_4, layout_loops_corners,
          shapermc_ecumenical_altar_gd
D:2:      layout_basic, basic_altar, serial_shops, nicolae_shop_waterfront
D:3:      layout_rooms, okawaru_altar_gauntlet_db,
          gammafunk_temple_overflow_claw, corexii_leaking_fountain
D:4:      layout_loops_ring, serial_shops, nicolae_lakefront_shop,
          minmay_mini_jars, uniq_eustachio
D:5:      lemuel_ratsnest, layout_basic, trog_wizard, old_standard_altar,
          serial_shops, nicolae_inconvenience_store, grunt_decor_fettered,
          uniq_grinder, uniq_pikel, uniq_edmund
D:6:      gammafunk_steamed_eel, layout_basic, mainiacjoe_overflow_alcove_2,
          gammafunk_temple_overflow_arena, mainiacjoe_overflow_alcove_4,
          serial_shops, shop_statue, minivault_23, uniq_maggie
D:7:      layout_loops_ring, kennysheep_mini_moat,
          minmay_temple_entry_proselytizer, gammafunk_ghost_mausoleum
D:8:      layout_loops_corners, nicolae_gozag_zags_fifth_avenue,
          erik_lair_orcish_takeover
D:9:      layout_roguey, mainiacjoe_overflow_surrounded_room
D:10:     layout_long_grid, orc_0_dummy, serial_shops, nicolae_shop_waterfront,
          st_stairs_10, minmay_lizard_king
D:11:     minmay_tearing_corner, layout_basic, uniq_urug
Temple:   jpeg_temple_alley_garden
Lair:1:   layout_chaotic_city
Lair:2:   layout_loops_ring, nicolae_spider_entry_non_spiders
Lair:3:   layout_layer_cave, nicolae_swamp_entry_splash_gauntlet,
          lemuel_old_faithful
Lair:4:   layout_loops_ring, portal_ice_cave_demonic_guard, fungi_pond_lemuel,
          serial_bayou_pond_a, cheibrodos_lair_lostbears
Lair:5:   layout_gridlike, small_statue_intersection, grunt_megastairs_3
Lair:6:   guppyfry_lair_end_dragon, layout_long_grid, hangedman_lair_in_review,
          slime_altar_1

Skill      XL: |  1  2  3  4  5  6  7  8  9 10 11 12 |
---------------+-------------------------------------+-----
Unarmed Combat | 3 4 5 6 7 8 9 10 11 | 11.1
Fighting       | 3 4 5 6 7 8 |  8.4
Dodging        | 3 4 5 6 7 |  7.3
Shields        | 3 4 5 6 7 8 |  8.3
Transmutations | 2 3 5 |  5.7
Invocations    | 2 4 |  4.0
Earth Magic    | 2 3 |  3.8

Action                   |  1- 3 |  4- 6 |  7- 9 | 10-12 || total
-------------------------+-------+-------+-------+-------++-------
Melee: Unarmed           |    80 |   133 |   317 |   734 ||  1264
       Mace              |       |       |       |    13 ||    13
Throw: Dart              |       |       |     3 |       ||     3
 Cast: Wereblood         |       |       |       |     1 ||     1
Invok: Bend Time         |       |       |       |     6 ||     6
Evoke: Wand              |       |       |     1 |       ||     1
  Use: Scroll            |       |     3 |     4 |    14 ||    21
       Potion            |       |     1 |     1 |     1 ||     3
Armor: Robe              |     5 |       |       |       ||     5
       Fire dragon scale |    20 |    85 |   141 |   270 ||   516
Dodge: Dodged            |    17 |    53 |    76 |   236 ||   382
Block: Kite shield       |    27 |    78 |   140 |   458 ||   703
